cohdb
Replays
Latest Replays
All Replays
Popular Replays
Top Player Replays
Match Explorer
How It Works
Community
CoH3 Stats
Reddit
Sign in to upload your games and track your stats! →
Sign in with Steam
Match 41554754
Unlisted
Match 41554754
Overview
Messages
Build Orders
End
Construct Section Command Post
Dingo Light Scout Car
ML 3-inch Mortar Team
Infantry Section
Infantry Section
Construct Platoon Command Post
Selects Heavy Armor Battlegroup
Selects Rigorous Vehicle Training
CMP 15cwt Truck
Infantry Section
Selects Forward Repair Assembly
Vickers Machine Gun Team
Unlock Bishop Self-propelled Artillery
Bishop Self-propelled Artillery
CMP 15cwt Truck
6-pounder Anti-tank Gun Team
Grenade Package
Particycles
Burnt_Steak
threestars
Goliath
frostie
ggbilli
0
0
Comments
sign in to comment!
No comments posted yet!